 Dungeon Crawl Stone Soup version 0.21-a0-265-gb353147 (webtiles) character file.

85306 Selfish5 the Impaler (level 15, -1/150 HPs)
             Began as a Minotaur Fighter on Sept 10, 2017.
             Was the Champion of Okawaru.
             Killed from afar by an acid blob (14 damage)
             ... with a splash of acid
             ... on level 1 of the Pits of Slime.
             The game lasted 01:43:17 (18851 turns).

Selfish5 the Impaler (Minotaur Fighter)            Turns: 18851, Time: 01:43:18

Health: -1/150     AC: 12    Str: 24    XL:     15   Next: 37%
Magic:  14/14      EV: 12    Int:  4    God:    Okawaru [******]
Gold:   1873       SH:  0    Dex: 21    Spells: 14/14 levels left

rFire    . . .     SeeInvis .   J - +4 halberd (flame)
rCold    . . .     Gourm    .   (shield currently unavailable)
rNeg     . . .     Faith    .   S - +4 crystal plate armour of Xukhoakh {+Inv rElec Int-5 Dex+5}
rPois    .         Spirit   .   Z - +0 hat {MR+}
rElec    +         Reflect  .   W - scarf {cloud immunity}
rCorr    .         Harm     .   (no gloves)
MR       ++...     Rnd*Rage +   t - +1 pair of boots {run}
Stlth    ..........             k - amulet of regeneration
HPRegen  0.75/turn              r - +3 ring of intelligence
MPRegen  0.14/turn              G - +2 ring of dexterity

@: corroded, very slightly contaminated, quick
A: retaliatory headbutt, horns 2, molten scales 1, berserk 1, mutation
resistance 1, robust 1, strong 1
a: Heroism, Finesse, Renounce Religion, Evoke Invisibility


You were on level 1 of the Pits of Slime.
You worshipped Okawaru.
Okawaru was exalted by your worship.
You were not hungry.

You visited 5 branches of the dungeon, and saw 24 of its levels.
You also visited: Sewer and Ice Cave.

You collected 1873 gold pieces.

Inventory:

Hand Weapons
 n - a +5 glaive of freezing
 H - the +3 falchion "Rihaos" {freeze, MR+ Str+3 SInv}
   (You found it on level 4 of the Lair of Beasts)

   It has been specially enchanted to freeze those struck by it, causing extra
   injury to most foes and up to half again as much damage against particularly
   susceptible opponents.
   It can also slow down cold-blooded creatures.
   It affects your strength (+3).
   It affects your resistance to hostile enchantments.
   It lets you see invisible.
 J - a +4 halberd of flaming (weapon)
Missiles
 i - 31 tomahawks (quivered)
Armour
 c - the +2 hat of the Snake Pit {Int+3}
   (Okawaru gifted it to you on level 12 of the Dungeon)

   It affects your intelligence (+3).
 t - a +1 pair of boots of running (worn)
 S - the +4 crystal plate armour of Xukhoakh (worn) {+Inv rElec Int-5 Dex+5}
   (Okawaru gifted it to you in an ice cave)

   It affects your intelligence (-5).
   It affects your dexterity (+5).
   It insulates you from electricity.
   It lets you turn invisible.
 W - a scarf of cloud immunity (worn)
 Y - the +3 ring mail of Hysmeneq {Slay+4 SInv}
   (You found it on level 11 of the Dungeon)

   It affects your accuracy and damage with ranged weapons and melee attacks
   (+4).
   It lets you see invisible.
 Z - a +0 hat of magic resistance (worn)
Jewellery
 k - an amulet of regeneration (around neck)
 p - a +5 ring of protection
 r - a +3 ring of intelligence (left hand)
 G - a +2 ring of dexterity (right hand)
 L - an uncursed ring of poison resistance
 M - an uncursed ring of positive energy
 P - an uncursed ring of protection from cold
 Q - an uncursed ring of fire
Wands
 a - a wand of confusion (48/48)
 b - a wand of paralysis (17/24)
 j - a wand of flame (25/48)
 B - a wand of lightning (11/15)
 C - a wand of flame (26/48)
 D - a wand of polymorph (12/24)
 E - a wand of lightning (10/15)
 F - a wand of iceblast (10/15)
 U - a wand of acid (6/15)
 V - a wand of confusion (17/48)
Scrolls
 e - 11 scrolls of remove curse
 h - 14 scrolls of identify
 l - 5 scrolls of teleportation
 x - 4 scrolls of blinking
 y - a scroll of acquirement {unknown}
 K - a scroll of magic mapping
Potions
 g - 6 potions of flight
 m - 2 potions of agility
 q - 6 potions of curing
 s - 2 potions of resistance
 w - 2 potions of brilliance
 z - a potion of haste
 A - 3 potions of berserk rage {unknown}
 I - a potion of ambrosia
 N - 4 potions of might
 X - 2 potions of cancellation
Books
 O - a book of Clouds

   Spells                             Type                      Level
   a - Poisonous Vapours              Poison/Air                   2
   b - Mephitic Cloud                 Conjuration/Poison/Air       3
   c - Conjure Flame                  Conjuration/Fire             3
   d - Freezing Cloud                 Conjuration/Ice/Air          6
   e - Ring of Flames                 Charms/Fire                  7
Miscellaneous
 d - a lamp of fire
 u - a phantom mirror
Comestibles
 f - 14 bread rations
 o - 17 fruits
 v - 9 royal jellies
 T - 12 meat rations


   Skills:
 - Level 13.7 Fighting
   Level 2.3(12.7) Axes
 * Level 18.4(19.3) Polearms
   Level 10.8(15.8) Staves
 + Level 15.0 Armour
 + Level 11.2 Dodging
   Level 7.2 Shields


You had 14 spell levels left.
You didn't know any spells.

Dungeon Overview and Level Annotations

Branches:
Dungeon (15/15)            Temple (1/1) D:4            Lair (6/6) D:11
  Swamp (0/4) Lair:4        Snake (0/4) Lair:2        Slime (1/5) Lair:6
    Orc (0/2) D:11         Vaults (0/5) D:13         Depths (1/5) D:15

Altars:
Ashenzari
Cheibriados
Dithmenos
Elyvilon
Fedhas
Gozag
Hepliaklqana
Kikubaaqudgha
Makhleb
Nemelex Xobeh
Okawaru
Qazlal
Ru
Sif Muna
Trog
Uskayaw
Vehumet
Wu Jian
Xom
Yredelemnul
Zin
The Shining One
Jiyva

Shops:
D:4 }   D:6 ?

Portals:
Trove: D:10 (give 5 potions of resistance)


Innate Abilities, Weirdness & Mutations

You reflexively headbutt those who attack you in melee.
You have a pair of horns on your head.
You are partially covered in molten scales. (AC +2)
You tend to lose your temper in combat.
You are somewhat resistant to further mutation.
You are robust. (+10% HP)
Your muscles are strong. (Str +2)


Message History

* * * LOW HITPOINT WARNING * * *
You are splashed with acid!
The acid burns!
* * * LOW HITPOINT WARNING * * *
You feel much better. The acid blob spits acid at you.
The splash of acid hits you!
* * * LOW HITPOINT WARNING * * *
The acid corrodes you!
You are splashed with acid!
The acid burns!
* * * LOW HITPOINT WARNING * * *
You feel much better. The acid blob hits you!
* * * LOW HITPOINT WARNING * * *
You are splashed with acid!
The acid burns!
* * * LOW HITPOINT WARNING * * *
Blink to where?
Press: ? - help, Dir - move target cursor You are very lightly contaminated with residual magic.
As you read the scroll of blinking, it crumbles to dust.
The acid blob spits acid at you. The splash of acid hits you!
You die...

## ...#... .## ## ##.#
...#.## ...###.##
#...##.#... ##.##.....
##..#...##.####..#......
#...........##..........
#........#..............
#......................
#....<@...............
#.#...............#...
..............J§.......
........................
..#...........#.........
...#....................
..#...........#.........
..##..........#........#
.... ..........


You could see an acid blob.

Vanquished Creatures
  An acid blob (Lair:6)
  Kirke (Lair:6)
  A frost giant (IceCv)
  The ghost of polean the Archer, a journeyman HuWn of Hepliaklqana (D:13)
  Snorg (Lair:4)
  An ogre mage (D:15)
  Josephine (D:11)
  3 fire dragons
  6 hydras
  A great orb of eyes (Slime:1)
  Fannar (D:11)
  8 centaur warriors
  5 two-headed ogres
  2 death yaks (IceCv)
  A tengu warrior (D:14)
  Urug (Lair:3)
  Sonja (D:10)
  Nergalle (D:11)
  2 unseen horrors
  A death drake (shapeshifter) (D:15)
  A swamp dragon (Lair:6)
  A lindwurm (Lair:5)
  An orc knight (D:15)
  6 ugly things
  A deep elf mage (D:12)
  A wolf spider (D:14)
  5 slime creatures
  An ice statue (IceCv)
  A black mamba (Lair:6)
  A gargoyle (D:10)
  11 spiny frogs
  3 freezing wraiths
  A spiny frog (shapeshifter) (D:13)
  A kobold demonologist (D:15)
  4 rime drakes
  4 komodo dragons
  2 ice devils (D:12)
  A tengu conjurer (D:14)
  24 polar bears
  4 trolls
  A merfolk (shapeshifter) (D:13)
  The ghost of jlumianski the Ducker, an amateur TrWz of Uskayaw (D:4)
  2 hornets
  20 blink frogs
  A harpy skeleton (D:15)
  4 raiju (Lair:6)
  5 hippogriffs
  A shadow (D:14)
  5 wraiths
  A wyvern (D:14)
  4 hogs
  Grum (D:11)
  8 basilisks
  53 yaks
  A human (D:10)
  2 steam dragons (Lair:6)
  A hungry ghost (D:15)
  6 nagas (Lair:2)
  5 wargs
  4 soldier ants
  15 water moccasins
  4 acid dragons
  13 hell hounds (Lair:6)
  11 porcupines
  Purgy (D:3)
  6 orc warriors
  13 black bears
  4 sky beasts
  A swamp drake (D:11)
  A necrophage (D:12)
  3 ice beasts
  A tengu (shapeshifter) (D:13)
  2 phantoms
  6 ogres
  2 eyes of draining (D:15)
  28 wolves
  8 centaurs
  12 crocodiles
  5 big kobolds
  13 bullfrogs
  A water moccasin zombie (D:4)
  2 scorpions
  17 killer bees
  4 wights (D:7)
  3 electric eels
  10 howler monkeys
  A bullfrog zombie (D:12)
  5 jellies
  4 hounds
  4 centaur zombies
  7 orc priests
  4 centaur skeletons
  2 bullfrog skeletons
  13 orc wizards
  10 iguanas
  5 hell rats (Lair:5)
  8 worker ants
  3 hound zombies
  8 gnolls (D:5)
  A howler monkey skeleton (D:9)
  18 adders
  3 shadow imps
  2 oozes
  An adder skeleton (D:5)
  A worm (D:5)
  4 leopard geckos
  45 orcs
  2 ball pythons (D:4)
  4 bats
  2 giant cockroaches
  26 hobgoblins
  6 jackals
  2 quokkas
  2 frilled lizards
  30 goblins
  22 kobolds
  A leopard gecko skeleton (D:6)
  A leopard gecko zombie (D:5)
  A quokka skeleton (D:6)
  18 rats
  2 plants (Lair:6)
694 creatures vanquished.

Vanquished Creatures (others)
  2 wolves (IceCv)
  An orc wizard (D:11)
  10 fungi
  13 plants
26 creatures vanquished.

Grand Total: 720 creatures vanquished

Notes
Turn   | Place    | Note
-------+----------+-------------------------------------------
     0 | D:1      | Selfish5 the Minotaur Fighter began the quest for the Orb.
     0 | D:1      | Reached XP level 1. HP: 19/19 MP: 0/0
    62 | D:1      | Reached skill level 3 in Polearms
    66 | D:1      | Reached XP level 2. HP: 1/26 MP: 1/1
   663 | D:1      | Reached XP level 3. HP: 31/31 MP: 2/2
  1053 | D:2      | Reached skill level 4 in Polearms
  1063 | D:2      | Found a sparkling altar of Nemelex Xobeh.
  1102 | D:2      | Found a hazy altar of Hepliaklqana.
  1612 | D:3      | Reached skill level 1 in Staves
  1675 | D:3      | Found a deep blue altar of Sif Muna.
  1697 | D:3      | Reached XP level 4. HP: 39/39 MP: 3/3
  1913 | D:3      | Found a glowing drain.
  1924 | Sewer    | Entered a sewer
  1976 | Sewer    | Noticed Purgy
  1987 | Sewer    | HP: 1/39 [Purgy (3)]
  2059 | D:3      | Gained mutation: You expend magic power (3 MP) to strengthen your wands. [potion of mutation]
  2059 | D:3      | Gained mutation: You tend to lose your temper in combat. [potion of mutation]
  2059 | D:3      | Gained mutation: Your muscles are strong. (Str +2) [potion of mutation]
  2059 | D:3      | Gained mutation: You are somewhat resistant to further mutation. [potion of mutation]
  2069 | D:3      | Killed Purgy
  2069 | D:3      | Reached skill level 5 in Shields
  2069 | D:3      | Reached XP level 5. HP: 8/45 MP: 4/4
  2502 | D:4      | Reached XP level 6. HP: 50/51 MP: 5/5
  2523 | D:4      | Reached skill level 5 in Staves
  2531 | D:4      | Found an opulent altar of Gozag.
  2617 | D:4      | Noticed jlumianski's ghost (amateur TrWz)
  2632 | D:4      | Killed jlumianski's ghost
  2632 | D:4      | Reached XP level 7. HP: 13/57 MP: 6/6
  2838 | D:4      | Found a staircase to the Ecumenical Temple.
  2934 | D:4      | Found Biwkoch's Gadget Shop.
  3062 | Temple   | Entered the Ecumenical Temple
  3354 | Temple   | Became a worshipper of Warmaster Okawaru
  3394 | D:5      | Entered Level 5 of the Dungeon
  3686 | D:5      | Reached XP level 8. HP: 66/66 MP: 7/7
  3813 | D:5      | Reached * piety under Okawaru
  4323 | D:5      | Reached skill level 5 in Armour
  4331 | D:5      | Reached skill level 5 in Fighting
  4772 | D:6      | Found a white marble altar of Elyvilon.
  4772 | D:6      | Found a bloodstained altar of Trog.
  4773 | D:6      | Found a shattered altar of Ashenzari.
  4811 | D:6      | Reached skill level 10 in Staves
  4816 | D:6      | Reached ** piety under Okawaru
  4818 | D:6      | Reached XP level 9. HP: 50/75 MP: 8/8
  4889 | D:6      | Gained mutation: Your mind is acute. (Int +2) [mutagenic meat]
  4890 | D:6      | Gained mutation: You are robust. (+10% HP) [mutagenic meat]
  4934 | D:6      | Found a shadowy altar of Dithmenos.
  5266 | D:6      | Found Liaview's Magic Scroll Boutique.
  5608 | D:7      | Reached skill level 1 in Axes
  6025 | D:8      | Noticed a white ugly thing
  6301 | D:9      | Reached *** piety under Okawaru
  6301 | D:9      | Reached skill level 5 in Polearms
  6869 | D:10     | Entered Level 10 of the Dungeon
  6895 | D:10     | Noticed a gargoyle
  6900 | D:10     | Killed a gargoyle
  6900 | D:10     | Reached skill level 6 in Polearms
  6900 | D:10     | Reached XP level 10. HP: 92/96 MP: 9/9
  6909 | D:10     | Lost mutation: You expend magic power (3 MP) to strengthen your wands. [potion of mutation]
  6909 | D:10     | Lost mutation: Your mind is acute. (Int +2) [potion of mutation]
  6909 | D:10     | Gained mutation: You are partially covered in molten scales. (AC +2) [potion of mutation]
  7095 | D:10     | Noticed a two-headed ogre
  7113 | D:9      | Reached **** piety under Okawaru
  7183 | D:9      | Killed a two-headed ogre
  7183 | D:9      | Reached skill level 7 in Polearms
  7333 | D:10     | Reached skill level 8 in Polearms
  7344 | D:10     | Reached ***** piety under Okawaru
  7388 | D:10     | Reached skill level 9 in Polearms
  7678 | D:10     | Found a portal to a secret trove of treasure.
  7698 | D:10     | Noticed Sonja
  7711 | D:10     | Killed Sonja
  7711 | D:10     | Reached skill level 1 in Dodging
  7983 | D:11     | Reached XP level 11. HP: 93/106 MP: 10/10
  7995 | D:11     | Noticed Grum
  8010 | D:11     | Killed Grum
  8132 | D:11     | Received a gift from Okawaru
  8147 | D:11     | Reached skill level 10 in Polearms
  8246 | D:11     | Found a white marble altar of Elyvilon.
  8260 | D:11     | Got a spiked ring mail
  8261 | D:11     | Identified the +3 ring mail of Hysmeneq {Slay+4 SInv} (You found it on level 11 of the Dungeon)
  8283 | D:11     | Found a staircase to the Lair.
  8328 | D:11     | Reached skill level 10 in Armour
  8371 | D:11     | Noticed Fannar
  8385 | D:11     | Killed Fannar
  8618 | D:11     | Reached skill level 10 in Fighting
  8627 | D:11     | Found a staircase to the Orcish Mines.
  8800 | D:11     | Noticed Nergalle
  8813 | D:11     | Noticed a spectral orc warlord
  8817 | D:11     | Killed Nergalle
  8817 | D:11     | Reached skill level 11 in Polearms
  8851 | D:11     | Noticed Josephine
  8864 | D:11     | Killed Josephine
  9031 | D:12     | Noticed a cyan ugly thing
  9039 | D:12     | Killed a cyan ugly thing
  9120 | D:12     | Reached skill level 5 in Dodging
  9129 | D:12     | Found a frozen archway.
  9153 | IceCv    | Entered an ice cave
  9219 | IceCv    | Reached skill level 12 in Polearms
  9242 | IceCv    | Received a gift from Okawaru
  9249 | IceCv    | Got a jewelled crystal plate armour {god gift}
  9260 | IceCv    | Identified the +4 crystal plate armour of Xukhoakh {+Inv rElec Int-5 Dex+5} (Okawaru gifted it to you in an ice cave)
  9260 | IceCv    | Lost intelligence.
  9341 | IceCv    | Reached XP level 12. HP: 118/118 MP: 11/11
  9509 | IceCv    | Noticed a death yak
  9517 | IceCv    | Killed a death yak
  9937 | IceCv    | Reached skill level 13 in Polearms
  9974 | IceCv    | Reached ****** piety under Okawaru
 10082 | IceCv    | Noticed a death yak
 10082 | IceCv    | Noticed a frost giant
 10092 | IceCv    | Killed a death yak
 10104 | IceCv    | Killed a frost giant
 10115 | IceCv    | Received a gift from Okawaru
 10760 | D:12     | Noticed a centaur warrior
 10769 | D:12     | Killed a centaur warrior
 10798 | D:12     | Noticed a centaur warrior
 10814 | D:12     | Noticed a six-headed hydra
 10817 | D:12     | Killed a centaur warrior
 10817 | D:12     | Reached skill level 14 in Polearms
 10832 | D:12     | Killed an eight-headed hydra
 10907 | D:12     | Reached XP level 13. HP: 127/128 MP: 12/12
 10952 | D:12     | Received a gift from Okawaru
 10971 | D:12     | Got a crude hat {god gift}
 10977 | D:12     | Identified the +2 hat of the Snake Pit {Int+3} (Okawaru gifted it to you on level 12 of the Dungeon)
 11337 | D:13     | Noticed polean's ghost (journeyman HuWn)
 11350 | D:13     | Killed polean's ghost
 11598 | D:13     | Found a sacrificial altar of Ru.
 11934 | D:13     | Found a gate to the Vaults.
 12270 | D:14     | Reached skill level 15 in Polearms
 12922 | D:15     | Entered Level 15 of the Dungeon
 13010 | D:15     | Found a stormy altar of Qazlal.
 13100 | D:15     | Received a gift from Okawaru
 13222 | D:15     | Noticed a fire dragon
 13222 | D:15     | Noticed a fire dragon
 13243 | D:15     | Killed a fire dragon
 13250 | D:15     | Killed a fire dragon
 13323 | D:15     | Found a staircase to the Depths.
 13387 | Depths:1 | Entered Level 1 of the Depths
 13422 | D:15     | Reached XP level 14. HP: 98/141 MP: 13/13
 13427 | D:15     | Reached skill level 16 in Polearms
 14059 | Lair:1   | Entered Level 1 of the Lair of Beasts
 14705 | Lair:2   | Received a gift from Okawaru
 15072 | Lair:2   | Found a staircase to the Snake Pit.
 15554 | Lair:3   | Noticed Urug
 15569 | Lair:3   | Killed Urug
 15965 | Lair:4   | Got a smoking falchion
 15967 | Lair:4   | Identified the +3 falchion "Rihaos" {freeze, MR+ Str+3 SInv} (You found it on level 4 of the Lair of Beasts)
 16010 | Lair:4   | Found a staircase to the Swamp.
 16094 | Lair:4   | Reached skill level 17 in Polearms
 16198 | Lair:4   | Noticed Snorg
 16207 | Lair:4   | Killed Snorg
 16207 | Lair:4   | Reached skill level 10 in Dodging
 16734 | Lair:5   | Received a gift from Okawaru
 17188 | Lair:6   | Entered Level 6 of the Lair of Beasts
 17804 | Lair:6   | Reached XP level 15. HP: 150/150 MP: 14/14
 17822 | Lair:6   | Received a gift from Okawaru
 17905 | Lair:6   | Found the +3 sling "Punk" {acid, rCorr}
 17962 | Lair:6   | Reached skill level 18 in Polearms
 18096 | Lair:6   | Noticed Kirke
 18108 | Lair:6   | Killed Kirke
 18256 | Lair:6   | Found a runed door.
 18256 | Lair:6   | Found a viscous altar of Jiyva.
 18300 | Lair:6   | Found a staircase to the Slime Pits.
 18300 | Lair:6   | Noticed an acid blob
 18330 | Lair:6   | Killed an acid blob
 18337 | Lair:6   | Received a gift from Okawaru
 18502 | Lair:6   | Identified a +1 pair of boots of running (Okawaru gifted it to you on level 6 of the Lair of Beasts)
 18812 | Slime:1  | Entered Level 1 of the Pits of Slime
 18834 | Slime:1  | Noticed an acid blob
 18839 | Slime:1  | Reached skill level 15 in Armour
 18847 | Slime:1  | HP: 4/150 [acid (6)]
 18851 | Slime:1  | Killed from afar by an acid blob

Vault maps used:
D:1:      erik_arrival_orb_chamber, hex_tiny
D:2:      nicolae_overflow_crystal_walls, nemelex_xobeh_ov_fountains_minmay
D:3:      led_sif_book, portal_sewer_entry_d
D:4:      grunt_gozag_breadcrumbs, minmay_temple_entry_glassed_door,
          serial_shops, nicolae_shop_waterfront
D:5:      minmay_goblin_kobold_castle, first_bread
D:6:      lemuel_doored_altar, gammafunk_temple_overflow_forgotten,
          serial_shops, shop, kennysheep_nondescript, columned_hall_lemuel
D:7:      cheibrodos_helix_gallery
D:8:      cheibrodos_elevator_heist
D:10:     nicolae_trove_entry_columns, grunt_livestock, uniq_sonja
D:11:     minmay_lair_entry_grove, erik_orc_1, basic_altar, serial_park_tiny_2,
          uniq_nergalle, uniq_josephine, uniq_grum, uniq_fannar
D:12:     portal_ice_cave_demonic_guard
D:13:     david_vaults_2, basic_altar, minivault_26
D:14:     kennysheep_small_spiral
D:15:     grunt_enter_depths_hoard, minivault_23, basic_altar,
          minmay_misc_feat_chi, minivault_14
Temple:   eino_temple_water
Lair:2:   minmay_snake_entry_guardpost_medium, fungi_pond_lemuel
Lair:3:   grunt_forest_stairs_basic, grunt_megastairs_3, uniq_urug
Lair:4:   swamp_mist, minivault_27, uniq_snorg
Lair:5:   grunt_megastairs_1, lemuel_fruit_fields
Lair:6:   hangedman_lair_caniforms_friends, guppyfry_lair_end_dragon,
          slime_altar_2, uniq_kirke
Depths:1: cheibrodos_poisonous_passages, serial_glass, glass_columns_a,
          glass_columns_a, hangedman_tar_grid_catacomb, serial_bayou_pond_a,
          nooodl_food_tri, uniq_saint_roka
Sewer:    sewer_the_crocodile
IceCv:    ice_cave_caverns_01

Skill      XL: |  1  2  3  4  5  6  7  8  9 10 11 12 13 14 15 |
---------------+----------------------------------------------+-----
Polearms       | 3 4 6 9 12 14 15 17 18 | 18.4
Shields        | 4 5 6 7 |  7.2
Staves         | 1 3 4 6 8 10 | 10.8
Fighting       | 5 7 9 10 11 13 | 13.7
Armour         | 5 7 9 10 12 13 14 15 | 15.0
Axes           | 2 |  2.3
Dodging        | 2 5 7 8 10 11 | 11.2

Action                   |  1- 3 |  4- 6 |  7- 9 | 10-12 | 13-15 || total
-------------------------+-------+-------+-------+-------+-------++-------
Melee: Trident           |    94 |       |       |       |       ||    94
       Headbutt          |    12 |    13 |    67 |   165 |   219 ||   476
       Quarterstaff      |    13 |    75 |   369 |   562 |    93 ||  1112
       Battleaxe         |       |       |    24 |       |       ||    24
       Glaive            |       |       |    10 |    34 |   452 ||   496
       Halberd           |       |       |       |       |   393 ||   393
Throw: Tomahawk          |       |       |     3 |     4 |       ||     7
  Use: Potion            |       |     3 |     2 |     4 |    11 ||    20
       Scroll            |       |     3 |     9 |     5 |    11 ||    28
 Stab: Invisible         |       |       |       |       |     1 ||     1
  Eat: Chunk             |     1 |     5 |    18 |    12 |    10 ||    46
       Royal jelly       |       |       |       |     1 |       ||     1
       Fruit             |       |       |       |     1 |       ||     1
       Meat ration       |       |       |       |       |     4 ||     4
Armor: Scale mail        |    34 |    65 |   127 |       |       ||   226
       Leather armour    |       |       |    33 |    58 |       ||    91
       Ring mail         |       |       |       |   137 |       ||   137
       Crystal plate arm |       |       |       |    53 |   679 ||   732
Dodge: Dodged            |    22 |    78 |   188 |   315 |   439 ||  1042
Block: Shield            |    36 |       |       |       |       ||    36

Table legend:
 A = Spawn XP
 B = Non-spawn XP
 C = Spawn XP percentage of total XP
 D = Spawn monster count
 E = Non-spawn monster count
 F = Spawn count percentage of total count
 G = Total turns spent on level
                    A         B        C        D         E        F      G
               +---------+---------+-------+---------+---------+-------+---------
         Total |       0 |  121867 |   0.0 |       0 |     694 |   0.0 | 18851
               +---------+---------+-------+---------+---------+-------+---------
           D:1 |       0 |      48 |   0.0 |       0 |      34 |   0.0 |   925
           D:2 |       0 |      18 |   0.0 |       0 |       4 |   0.0 |   702
           D:3 |       0 |     302 |   0.0 |       0 |      17 |   0.0 |   758
           D:4 |       0 |     806 |   0.0 |       0 |      19 |   0.0 |   614
           D:5 |       0 |    1262 |   0.0 |       0 |      91 |   0.0 |  1344
           D:6 |       0 |     893 |   0.0 |       0 |      20 |   0.0 |   638
           D:7 |       0 |     938 |   0.0 |       0 |      18 |   0.0 |   789
           D:8 |       0 |     248 |   0.0 |       0 |       4 |   0.0 |    73
           D:9 |       0 |    1800 |   0.0 |       0 |      11 |   0.0 |   784
          D:10 |       0 |    4512 |   0.0 |       0 |      36 |   0.0 |   923
          D:11 |       0 |    7612 |   0.0 |       0 |      60 |   0.0 |  1063
          D:12 |       0 |   10627 |   0.0 |       0 |      44 |   0.0 |   697
          D:13 |       0 |    5874 |   0.0 |       0 |      28 |   0.0 |   902
          D:14 |       0 |    4114 |   0.0 |       0 |      15 |   0.0 |   816
          D:15 |       0 |   19402 |   0.0 |       0 |      42 |   0.0 |  1038
        Lair:1 |       0 |    3717 |   0.0 |       0 |      17 |   0.0 |   627
        Lair:2 |       0 |    4301 |   0.0 |       0 |      20 |   0.0 |   657
        Lair:3 |       0 |    3377 |   0.0 |       0 |      13 |   0.0 |   567
        Lair:4 |       0 |    6612 |   0.0 |       0 |      17 |   0.0 |   575
        Lair:5 |       0 |    4034 |   0.0 |       0 |      21 |   0.0 |   703
        Lair:6 |       0 |   25740 |   0.0 |       0 |     102 |   0.0 |  1624
       Slime:1 |       0 |    1988 |   0.0 |       0 |       5 |   0.0 |    39
         Sewer |       0 |       8 |   0.0 |       0 |       5 |   0.0 |    89
         IceCv |       0 |   13634 |   0.0 |       0 |      51 |   0.0 |  1590
               +---------+---------+-------+---------+---------+-------+---------
